 Dungeon Crawl Stone Soup version 0.21.0-34-g9234887 (webtiles) character file.

6255 Enish the Reanimator (level 10, -6/82 HPs)
             Began as a Gnoll Necromancer on Jan 29, 2018.
             Was a Priest of Cheibriados.
             Engulfed by a cloud of flame (8 damage)
             ... in a volcano.
             The game lasted 00:41:19 (3439 turns).

Enish the Reanimator (Gnoll Necromancer)            Turns: 3439, Time: 00:41:20

Health: -6/82      AC:  6    Str: 16    XL:     10   Next: 93%
Magic:  1/21       EV: 18    Int: 29    God:    Cheibriados [***...]
Gold:   396        SH:  0    Dex: 24    Spells: 11/24 levels left

rFire    + + .     SeeInvis .   h - +1 short sword (freeze)
rCold    x . .     Gourm    .   (no shield)
rNeg     . . .     Faith    .   d - +1 leather armour {MR+}
rPois    .         Spirit   .   (helmet restricted)
rElec    .         Reflect  .   f - +0 cloak
rCorr    .         Harm     .   (no gloves)
MR       +....     Rnd*Rage +   (no boots)
Stlth    ++++......             (no amulet)
HPRegen  0.23/turn              G - ring of protection from fire
MPRegen  0.17/turn              t - ring of fire

@: lethally poisoned (-6 -> -10), very slow
A: distributed training, fangs 1, horns 1, berserk 1, robust 1, weak 1, strong
nose
a: Bend Time, Temporal Distortion, Renounce Religion


You were in a volcano.
You worshipped Cheibriados.
Cheibriados was most pleased with you.
You were not hungry.

You visited 2 branches of the dungeon, and saw 10 of its levels.
You also visited: Volcano.

You collected 396 gold pieces.

Inventory:

Hand Weapons
 h - a +1 short sword of freezing (weapon)
 i - a +0 dagger
 k - a +0 falchion
 n - a +1 hunting sling of flaming
 q - a +2 short sword of venom
 D - a +0 battleaxe
Missiles
 e - a poisoned javelin (quivered)
 p - 24 stones
 y - 3 needles of confusion
Armour
 a - a +0 robe
 d - a +1 leather armour of magic resistance (worn)
 f - a +0 cloak (worn)
Magical Staves
 s - an uncursed staff of poison
Jewellery
 g - an uncursed ring of resist corrosion
 o - an uncursed ring of ice
 r - a +4 ring of protection
 t - a ring of fire (right hand)
 G - a ring of protection from fire (left hand)
Wands
 x - a wand of flame (24)
 A - a wand of polymorph (11)
Scrolls
 j - 5 scrolls of remove curse
 u - 3 scrolls of amnesia
 C - a scroll of magic mapping
 F - a scroll of immolation
Potions
 l - a potion of brilliance
 B - a potion of mutation
Books
 b - a book of Necromancy

   Spells                             Type                      Level
   a - Pain                           Necromancy                   1
   b - Animate Skeleton               Necromancy                   1
   c - Vampiric Draining              Necromancy                   3
   d - Regeneration                   Charms/Necromancy            3
   e - Animate Dead                   Necromancy                   4
   f - Borgnjor's Vile Clutch         Necromancy/Earth             5
Comestibles
 c - 15 rations


   Skills:
 + Level 5.6 Fighting
 + Level 5.6 Short Blades
 + Level 5.6 Long Blades
 + Level 5.6 Axes
 + Level 5.6 Maces & Flails
 + Level 5.6 Polearms
 + Level 5.6 Staves
 + Level 5.6 Slings
 + Level 5.6 Bows
 + Level 5.6 Crossbows
 + Level 5.6 Throwing
 + Level 5.6 Armour
 + Level 7.3 Dodging
 + Level 7.1 Stealth
 + Level 5.6 Shields
 + Level 5.6 Unarmed Combat
 + Level 7.6 Spellcasting
 + Level 4.6 Conjurations
 + Level 4.6 Hexes
 + Level 4.6 Charms
 + Level 4.6 Summonings
 + Level 8.6 Necromancy
 + Level 4.6 Translocations
 + Level 4.6 Transmutations
 + Level 4.6 Fire Magic
 + Level 4.6 Ice Magic
 + Level 4.6 Air Magic
 + Level 4.6 Earth Magic
 + Level 4.6 Poison Magic
 + Level 6.2 Invocations
 + Level 5.6 Evocations


You had 11 spell levels left.
You knew the following spells:

 Your Spells              Type           Power        Failure   Level  Hunger
a - Pain                  Necr           ####         1%          1    None
b - Regeneration          Chrm/Necr      #####.....   1%          3    None
c - Borgnjor's Vile Clut  Necr/Erth      #####.....   10%         5    ####...
d - Confuse               Hex            #####...     2%          3    None
e - Apportation           Tloc           #####.       1%          1    None


Dungeon Overview and Level Annotations

Branches:
Dungeon (9/15)             Temple (0/1) D:5            Lair (1/6) D:8
    Orc: D:9-12

Altars:
Cheibriados
Fedhas
Kikubaaqudgha
Okawaru
Sif Muna
Uskayaw
Xom
The Shining One

Annotations:
D:6 Agrougrou's ghost, novice OpTm


Innate Abilities, Weirdness & Mutations

Your experience applies equally to all skills.
You have very sharp teeth.
Your uncanny sense of smell can sniff out nearby items.
You have a pair of small horns on your head.
You tend to lose your temper in combat.
You are robust. (+10% HP)
You are weak. (Str -2)


Message History

A two-headed ogre comes into view.
It is wielding a giant club of flaming and a great mace of flaming.
You closely miss something.
You feel sick.
The hell knight hits you from afar with a glaive of flaming!
* * * LOW HITPOINT WARNING * * *
The hell knight burns you.
* * * LOW HITPOINT WARNING * * *
Something hits you but does no damage.
Your magical effects are unravelling.
You feel magically purged.
Your magical contamination has completely faded away.
You feel less wooden.
Your +0 cloak unmelds from your body.
Your +1 leather armour of magic resistance unmelds from your body.
You feel resistant to hostile enchantments.
The hell knight gestures at you while chanting.
Something barely misses you.
* * * LOW HITPOINT WARNING * * *
You feel sick.
You are engulfed in blazing flames.
You resist.
You die...

#####.##..# §≈≈≈
#≈≈§§####.# ..§§≈§§≈≈
####.§§§#.# ..≈§§≈≈≈
#§§§§####.# §.§≈≈≈≈
####§§§§#.# #.§§≈≈§
#≈≈§§####.# ###.§≈≈≈≈
####§§≈≈#.###8....≈≈≈
#§§§§####.+.......≈≈§
####@§§§#####8......§
#§§§§#### ####.....
#####.(O# ####..
###..# ### ∆∆∆ .# ∆ ∆
∆# ∆∆∆ ∆


There were no monsters in sight!

Vanquished Creatures
  A two-headed ogre (Volcano)
  An obsidian statue (Volcano)
  A lindwurm (Lair:1)
  An ugly thing (D:9)
  An elephant (D:8)
  Joseph (D:7)
  Prince Ribbit (D:6)
  2 hornets (D:8)
  2 hippogriffs
  2 basilisks (D:8)
  2 fire bats (Volcano)
  A water moccasin (D:7)
  2 orc warriors
  2 sky beasts
  A slave (D:5)
  A phantom (D:7)
  A centaur (D:8)
  4 ogres
  A bullfrog (D:4)
  3 scorpions
  4 lava snakes (Volcano)
  A bullfrog zombie (D:6)
  4 centaur skeletons
  4 hounds
  A jelly (D:7)
  2 orc priests
  5 orc wizards
  Ijyb (D:5)
  Jessica (D:2)
  5 worker ants
  A killer bee zombie (D:7)
  A hound skeleton (D:7)
  A mummy (D:4)
  4 gnolls
  7 adders
  An ooze (D:1)
  A worm (D:2)
  A dart slug (D:4)
  6 leopard geckos
  18 orcs
  5 bats
  2 giant cockroaches (D:2)
  4 goblins
  3 hobgoblins (D:2)
  2 jackals
  10 kobolds
  A quokka (D:2)
  A ball python (D:2)
  3 frilled lizards
  A hobgoblin zombie (D:4)
  A jackal zombie (D:7)
  2 kobold zombies (D:4)
  An orc zombie (D:4)
  4 rats
140 creatures vanquished.

Notes
Turn   | Place    | Note
-------+----------+-------------------------------------------
     0 | D:1      | Enish the Gnoll Necromancer began the quest for the Orb.
     0 | D:1      | Reached XP level 1. HP: 13/13 MP: 6/6
   263 | D:1      | Reached XP level 2. HP: 16/19 MP: 4/7
   393 | D:1      | You fall through a shaft!
   398 | D:2      | Found an ancient bone altar of Kikubaaqudgha.
   414 | D:2      | Reached XP level 3. HP: 18/25 MP: 6/9
   417 | D:2      | Reached skill level 5 in Spellcasting
   460 | D:2      | Reached skill level 1 in Invocations
   500 | D:1      | Learned a level 3 spell: Regeneration
   533 | D:1      | Found an ornate altar of the Wu Jian Council.
   535 | D:1      | Found a glowing golden altar of the Shining One.
   535 | D:1      | Found a snail-covered altar of Cheibriados.
   537 | D:1      | Found a burning altar of Makhleb.
   537 | D:1      | Found a hide-covered altar of Uskayaw.
   537 | D:1      | Found a shimmering altar of Xom.
   657 | D:2      | Reached skill level 1 in Fighting
   657 | D:2      | Reached skill level 1 in Short Blades
   657 | D:2      | Reached skill level 1 in Long Blades
   657 | D:2      | Reached skill level 1 in Axes
   657 | D:2      | Reached skill level 1 in Maces & Flails
   657 | D:2      | Reached skill level 1 in Polearms
   657 | D:2      | Reached skill level 1 in Staves
   657 | D:2      | Reached skill level 1 in Slings
   657 | D:2      | Reached skill level 1 in Bows
   657 | D:2      | Reached skill level 1 in Crossbows
   657 | D:2      | Reached skill level 1 in Throwing
   657 | D:2      | Reached skill level 1 in Armour
   657 | D:2      | Reached skill level 1 in Shields
   657 | D:2      | Reached skill level 1 in Unarmed Combat
   657 | D:2      | Reached skill level 1 in Evocations
   705 | D:3      | Noticed an orc warrior
   717 | D:2      | Reached XP level 4. HP: 31/32 MP: 11/11
   737 | D:2      | Found an iron altar of Okawaru.
   745 | D:2      | Noticed Jessica
   753 | D:2      | Killed Jessica
   781 | D:2      | Reached skill level 1 in Conjurations
   781 | D:2      | Reached skill level 1 in Hexes
   781 | D:2      | Reached skill level 1 in Charms
   781 | D:2      | Reached skill level 1 in Summonings
   781 | D:2      | Reached skill level 1 in Translocations
   781 | D:2      | Reached skill level 1 in Transmutations
   781 | D:2      | Reached skill level 1 in Fire Magic
   781 | D:2      | Reached skill level 1 in Ice Magic
   781 | D:2      | Reached skill level 1 in Air Magic
   781 | D:2      | Reached skill level 1 in Earth Magic
   781 | D:2      | Reached skill level 1 in Poison Magic
   791 | D:3      | Found a snail-covered altar of Cheibriados.
   806 | D:3      | Became a worshipper of Cheibriados the Contemplative
   916 | D:3      | Reached XP level 5. HP: 36/37 MP: 9/12
   945 | D:4      | Reached XP level 6. HP: 19/44 MP: 2/13
   952 | D:4      | Learned a level 5 spell: Borgnjor's Vile Clutch
   962 | D:5      | Entered Level 5 of the Dungeon
  1074 | D:4      | Reached skill level 5 in Dodging
  1103 | D:4      | Reached * piety under Cheibriados
  1283 | D:4      | Reached XP level 7. HP: 47/50 MP: 15/15
  1318 | D:5      | Found a glowing golden altar of the Shining One.
  1565 | D:4      | Gained mutation: You are weak. (Str -2) [potion of mutation]
  1565 | D:4      | Gained mutation: You tend to lose your temper in combat. [potion of mutation]
  1565 | D:4      | Gained mutation: You have a pair of small horns on your head. [potion of mutation]
  1565 | D:4      | Gained mutation: You are robust. (+10% HP) [potion of mutation]
  1616 | D:4      | You fall through a shaft for 3 floors!
  1617 | D:7      | Noticed Joseph
  1704 | D:6      | Reached skill level 5 in Stealth
  1756 | D:6      | Noticed Prince Ribbit
  1761 | D:6      | Reached XP level 8. HP: 43/62 MP: 4/16
  1765 | D:6      | Killed Prince Ribbit
  1771 | D:6      | Noticed Agrougrou's ghost (novice OpTm)
  1870 | D:5      | Found a staircase to the Ecumenical Temple.
  1871 | D:5      | Noticed Ijyb
  1880 | D:5      | Killed Ijyb
  1880 | D:5      | Reached ** piety under Cheibriados
  1948 | D:5      | Found a shimmering altar of Xom.
  2058 | D:7      | Learned a level 3 spell: Confuse
  2198 | D:7      | HP: 3/63 [orc priest/divine providence (11)]
  2204 | D:7      | Killed Joseph
  2204 | D:7      | Reached XP level 9. HP: 4/71 MP: 2/18
  2295 | D:7      | Found a deep blue altar of Sif Muna.
  2352 | D:7      | Found a blossoming altar of Fedhas.
  2359 | D:7      | Learned a level 1 spell: Apportation
  2558 | D:7      | Reached *** piety under Cheibriados
  2606 | D:8      | Noticed a hornet
  2611 | D:8      | Killed a hornet
  2611 | D:8      | Reached skill level 8 in Necromancy
  2646 | D:8      | Noticed an elephant
  2673 | D:8      | Reached skill level 5 in Invocations
  2688 | D:8      | Killed an elephant
  2688 | D:8      | Reached XP level 10. HP: 44/80 MP: 2/20
  2898 | D:9      | Noticed a white ugly thing
  2905 | D:9      | Killed a white ugly thing
  3065 | D:8      | Reached skill level 5 in Fighting
  3065 | D:8      | Reached skill level 5 in Short Blades
  3065 | D:8      | Reached skill level 5 in Long Blades
  3065 | D:8      | Reached skill level 5 in Axes
  3065 | D:8      | Reached skill level 5 in Maces & Flails
  3065 | D:8      | Reached skill level 5 in Polearms
  3065 | D:8      | Reached skill level 5 in Staves
  3065 | D:8      | Reached skill level 5 in Slings
  3065 | D:8      | Reached skill level 5 in Bows
  3065 | D:8      | Reached skill level 5 in Crossbows
  3065 | D:8      | Reached skill level 5 in Throwing
  3065 | D:8      | Reached skill level 5 in Armour
  3065 | D:8      | Reached skill level 5 in Shields
  3065 | D:8      | Reached skill level 5 in Unarmed Combat
  3065 | D:8      | Reached skill level 5 in Evocations
  3181 | D:8      | Found a staircase to the Lair.
  3190 | Lair:1   | Entered Level 1 of the Lair of Beasts
  3251 | Lair:1   | Found a dark tunnel.
  3251 | Lair:1   | Noticed a lindwurm
  3256 | Lair:1   | Killed a lindwurm
  3268 | Volcano  | Entered a volcano
  3413 | Volcano  | Noticed an obsidian statue
  3413 | Volcano  | Noticed a two-headed ogre
  3421 | Volcano  | Killed an obsidian statue
  3424 | Volcano  | Noticed an ogre mage
  3428 | Volcano  | Killed a two-headed ogre
  3429 | Volcano  | Noticed a hell knight
  3436 | Volcano  | Noticed a two-headed ogre
  3436 | Volcano  | HP: 5/123 [hell knight/glaive of flaming (14)]
  3438 | Volcano  | HP: 2/82 [poisoned by an ogre mage (bolt of poison)]
  3439 | Volcano  | Engulfed by a cloud of flame

Skill      XL: |  1  2  3  4  5  6  7  8  9 10 |
---------------+-------------------------------+-----
Spellcasting   | 5 6 7 |  7.6
Invocations    | 1 2 3 4 5 6 |  6.2
Fighting       | 1 2 3 4 5 |  5.6
Short Blades   | 1 2 3 4 5 |  5.6
Long Blades    | 1 2 3 4 5 |  5.6
Axes           | 1 2 3 4 5 |  5.6
Maces & Flails | 1 2 3 4 5 |  5.6
Polearms       | 1 2 3 4 5 |  5.6
Staves         | 1 2 3 4 5 |  5.6
Slings         | 1 2 3 4 5 |  5.6
Bows           | 1 2 3 4 5 |  5.6
Crossbows      | 1 2 3 4 5 |  5.6
Throwing       | 1 2 3 4 5 |  5.6
Armour         | 1 2 3 4 5 |  5.6
Shields        | 1 2 3 4 5 |  5.6
Unarmed Combat | 1 2 3 4 5 |  5.6
Evocations     | 1 2 3 4 5 |  5.6
Conjurations   | 1 2 3 4 |  4.6
Hexes          | 1 2 3 4 |  4.6
Charms         | 1 2 3 4 |  4.6
Summonings     | 1 2 3 4 |  4.6
Translocations | 1 2 3 4 |  4.6
Transmutations | 1 2 3 4 |  4.6
Fire Magic     | 1 2 3 4 |  4.6
Ice Magic      | 1 2 3 4 |  4.6
Air Magic      | 1 2 3 4 |  4.6
Earth Magic    | 1 2 3 4 |  4.6
Poison Magic   | 1 2 3 4 |  4.6
Dodging        | 5 6 7 |  7.3
Stealth        | 5 6 7 |  7.1
Necromancy     | 8 |  8.6

Action                   |  1- 3 |  4- 6 |  7- 9 | 10-12 || total
-------------------------+-------+-------+-------+-------++-------
Melee: Unarmed           |     1 |       |       |       ||     1
       Dagger            |     3 |       |       |       ||     3
       Short sword       |    12 |    53 |   138 |    15 ||   218
       Falchion          |     8 |       |       |       ||     8
       Bite              |     1 |     6 |    14 |     7 ||    28
       Headbutt          |       |       |    23 |     7 ||    30
       Punch             |       |       |     1 |       ||     1
       Battleaxe         |       |       |       |    20 ||    20
Throw: Throwing net      |       |       |       |     2 ||     2
       Javelin           |       |       |       |     1 ||     1
 Cast: Pain              |    33 |    36 |    41 |     8 ||   118
       Regeneration      |     2 |     4 |     8 |     6 ||    20
       Borgnjor's Vile C |       |     1 |    15 |    10 ||    26
       Confuse           |       |       |     3 |       ||     3
       Apportation       |       |       |     4 |       ||     4
Invok: Bend Time         |       |       |       |     3 ||     3
  Use: Scroll            |     4 |     4 |    10 |     1 ||    19
       Potion            |     5 |     1 |     8 |     4 ||    18
 Stab: Sleeping          |     2 |     4 |     8 |     3 ||    17
       Confused          |       |       |     1 |       ||     1
       Invisible         |       |       |       |     3 ||     3
       Held in net/web   |       |       |       |     1 ||     1
  Eat: Ration            |       |     1 |     1 |     2 ||     4
       Chunk             |       |       |     4 |     1 ||     5
Armor: Leather armour    |    10 |    16 |    31 |    19 ||    76
       Skin              |       |       |    43 |     8 ||    51
Dodge: Dodged            |    37 |    65 |   130 |    68 ||   300
       Rpst.: Falchion   |     2 |       |       |       ||     2
